AoeStats
← fat_dgk

MegaRandom

510012300Analyzed
4v4 RM · 2d ago on Sep 29, 2026· 32m 19s· 8 players
Game mode
Random Map
Map size
Large (8 player)
Population
200
Speed
Normal
Resources
Standard
Victory
Conquest
Starting age
Dark Age
Ending age
Imperial Age
RankedLock teamsTeams togetherTeam positionsShared explorationLock speedFull tech treeHidden civsTurbo modeCheats
Victory
Defeat
🇨🇱 Mongols · Chile
1334
+13
🇭🇰 Spanish · Hong Kong SAR China
1306
+14
🇺🇸 Italians · United States
1274
+15
🇫🇷 Persians · France
1204
+18
🇵🇪 Varangians · Peru
1313
-17
🇲🇽 Berbers · Mexico
1260
-15
1249
-15
🇨🇱 Gurjaras · Chile
1205
-13
Noxxz
8:09 Loom
10:25 Feudal Age
17:00 Castle Age
15:53 Double-Bit Axe
17:48 Fletching
18:23 Horse Collar
23:59 Wheelbarrow
23:56 Padded Archer Armor
24:35 Elite Skirmisher
26:57 Bodkin Arrow
27:35 Leather Archer Armor
[WWW - KT] Er MaRdiTho!
5:26 Double-Bit Axe
11:24 Feudal Age
15:17 Castle Age
13:39 Bow Saw
13:21 Horse Collar
14:26 Gold Mining
14:42 Heavy Plow
15:59 Loom
22:52 Wheelbarrow
22:53 Stone Mining
26:17 Hand Cart
26:59 Gold Shaft Mining
25:51 Cavalier
26:32 Husbandry
27:04 Forging
27:00 Scale Barding Armor
30:43 Imperial Age
29:33 Chain Barding Armor
29:49 Iron Casting
30:57 Burgundian Vineyards
31:06 Town Watch
31:41 Paladin
33:16 Plate Barding Armor
fat_dgk
5:57 Loom
8:27 Feudal Age
12:02 Scale Barding Armor
13:15 Forging
16:28 Horse Collar
20:41 Castle Age
18:58 Double-Bit Axe
20:06 Bloodlines
22:48 Husbandry
23:30 Bow Saw
J10KQ
10:34 Feudal Age
14:40 Castle Age
14:12 Scale Barding Armor
15:23 Husbandry
16:21 Bloodlines
23:00 Loom
27:25 Forging
27:36 Horse Collar
Coolthulhu36
11:27 Feudal Age
15:56 Castle Age
16:02 Double-Bit Axe
16:00 Fishing Lines
17:44 Bow Saw
18:22 Gold Mining
20:00 Loom
21:29 Fletching
21:40 Padded Archer Armor
23:24 Bodkin Arrow
24:15 Gillnets
24:38 Town Watch
26:44 Leather Archer Armor
28:07 Sanctity
Kim jong-un
1:07 Loom
9:36 Feudal Age
10:00 Double-Bit Axe
17:53 Horse Collar
18:18 Fishing Lines
21:59 Stone Mining
22:05 Gold Mining
25:14 Castle Age
25:26 Bloodlines
25:53 Husbandry
26:14 Gillnets
27:30 Stone Shaft Mining
30:01 Bow Saw
30:19 Scale Barding Armor
30:24 Forging
31:06 Wheelbarrow
30:16 Town Watch
32:42 Chain Barding Armor
semarch98
10:53 Feudal Age
11:46 Double-Bit Axe
11:49 Fishing Lines
15:48 Castle Age
16:58 Gillnets
17:59 Husbandry
18:10 Bloodlines
18:51 Scale Barding Armor
18:59 Forging
19:15 Bow Saw
21:22 Chain Barding Armor
27:47 Iron Casting
50232516
3:07 Loom
12:05 Feudal Age
13:36 Wheelbarrow
16:20 Castle Age
18:40 Double-Bit Axe
18:47 Gold Mining
20:43 Town Watch
22:29 Padded Archer Armor
22:44 Bloodlines
24:09 Husbandry
27:11 Hand Cart
27:33 Leather Archer Armor
33:27 Imperial Age
Connection lost

Rejoining the realm…

Still unreachable

The connection could not be restored.

Session expired

The server has moved on; the page needs a fresh start.